 Dungeon Crawl Stone Soup version 0.31-a0-150-g89dc3ad700 (webtiles) character file.

Game seed: 6233715965286042437

310 qw the Shooter (level 6, -4/52 HPs)
             Began as a Minotaur Hunter on June 8, 2023.
             Slain by a gnoll
             ... wielding a +0 whip
             ... led by a gnoll bouda
              (6 damage)
             ... on level 4 of the Dungeon.
             The game lasted 00:01:01 (2812 turns).

qw the Shooter (Minotaur Hunter)                    Turns: 2812, Time: 00:01:01

Health: -4/52      AC:  6    Str: 15    XL:     6   Next: 17%
Magic:  5/5        EV: 12    Int:  6    God:
Gold:   79         SH:  0    Dex: 16    Spells: 5/5 levels left

rFire   + . .        Y - +3 shortbow
rCold   . . .        (shield currently unavailable)
rNeg    . . .        b - +2 leather armour {rF+}
rPois   .            (helmet restricted)
rElec   .            (no cloak)
rCorr   .            d - +0 pair of gloves
SInv    .            (no boots)
Will    .....        (no amulet)
Stlth   +            (no ring)
HPRegen 0.28/turn    (no ring)
MPRegen 0.09/turn

%: no passive effects
@: weakened
A: horns 2, retaliatory headbutt
a: no special abilities


You were on level 4 of the Dungeon.
You visited 1 branch of the dungeon, and saw 4 of its levels.

You collected 79 gold pieces.


Innate Abilities, Weirdness & Mutations

You have a pair of horns on your head.
You reflexively headbutt those who attack you in melee.


   Skills:
 - Level 4.1 Fighting
 + Level 7.5 Ranged Weapons
 - Level 1.0 Armour
 - Level 2.1 Dodging
 - Level 0.7 Stealth


You had 5 spell levels left.
You didn't know any spells.
Your spell library was empty.

Inventory:

Hand Weapons
 Y - a +3 shortbow (weapon)
Armour
 b - a +2 leather armour of fire resistance (worn)
 d - a +0 pair of gloves (worn)
Potions
 a - a potion of curing {unknown}
 c - 2 potions of might {unknown}
 e - a potion of heal wounds {unknown}

Dungeon Overview and Level Annotations

Branches:
Dungeon (4/15)
 Temple: D:4-7

Altars:
Sif Muna

Annotations:
D:3 2 transporters, qw's ghost, amateur GrFi


Message History

You shoot an arrow.
The arrow closely misses the gnoll bouda.
The gnoll barely misses you. The gnoll closely misses you.
You furiously retaliate!
You headbutt the gnoll. The gnoll bouda barely misses you.
The gnoll closely misses you.
You shoot an arrow.
The arrow hits the gnoll bouda but does no damage.
The gnoll bouda is almost dead.
Your attacks no longer feel as feeble.
The gnoll hits you with a +2 vampiric whip.
The gnoll bouda hits you with a +0 whip.
The gnoll completely misses you.
You shoot an arrow.
The arrow hits the gnoll bouda but does no damage.
The gnoll bouda is almost dead.
The gnoll hits you with a +2 vampiric whip.
The gnoll draws strength from your wounds!
The gnoll bouda gazes fiercely through you!
You feel your attacks grow feeble. The gnoll bouda misses you.
You furiously retaliate!
You headbutt the gnoll bouda!
You kill the gnoll bouda!
The gnoll hits you but does no damage.
You shoot an arrow. The arrow completely misses the gnoll.
The gnoll barely misses you. You furiously retaliate!
You headbutt the gnoll.
The gnoll hits you with a +2 vampiric whip.
The gnoll draws strength from your wounds!
The gnoll hits you with a +0 hand axe. The gnoll closely misses you.
The gnoll hits you but does no damage.
You shoot an arrow. The arrow barely misses the gnoll.
The arrow hits the iguana!
The iguana is severely wounded.
The gnoll hits you with a +0 hand axe! The gnoll closely misses you.
The gnoll hits you with a +2 vampiric whip.
You shoot an arrow. The arrow barely misses the gnoll.
The arrow barely misses the iguana.
The gnoll completely misses you.
The gnoll hits you with a +2 vampiric whip.
The gnoll hits you with a +0 whip.
You die...

. .. ... .... .?)..
....>.####
##.lg@>#########
#...ggg........#####
#....................#
#.#......#####.......#
...(.##..#!?)#.......#
... .###.#.
#..#(=$#....####
..#..# .###.#
....#$([#..###
..#..##..##
##...#####....#
#.#......#
#............#.#


You could see an iguana, 3 gnolls and a goblin.

Vanquished Creatures
  A scorpion (D:4)
  A hound (D:4)
  A gnoll bouda (D:4)
  A sleepcap (D:4)
  Ijyb (D:4)
  An orc wizard (D:3)
  3 adders
  2 gnolls (D:4)
  A worm (D:2)
  3 orcs (D:3)
  10 ball pythons
  8 endoplasms
  2 giant cockroaches
  3 goblins
  5 hobgoblins
  4 jackals (D:1)
  5 quokkas
  5 bats
  2 frilled lizards
  8 kobolds
  7 rats
74 creatures vanquished.

Notes
Turn   | Place    | Note
-------+----------+-------------------------------------------
     0 | D:1      | qw the Minotaur Hunter began the quest for the Orb.
     0 | D:1      | Reached XP level 1. HP: 18/18 MP: 0/0
     0 | D:1      | 0 ||| qw: Version: 0.2-a-120-gdf1a93b
     0 | D:1      | 0 ||| qw: Game counter: 2959
     0 | D:1      | 0 ||| qw: Always use a shield: true
     0 | D:1      | 0 ||| qw: God list: Okawaru
     0 | D:1      | 0 ||| qw: Allow faded altars: false
     0 | D:1      | 0 ||| qw: Do Orc after D:15 true
     0 | D:1      | 0 ||| qw: Do second Lair branch before Depths: true
     0 | D:1      | 0 ||| qw: Lair rune preference: random
     0 | D:1      | 0 ||| qw: Plans: Normal
     0 | D:1      | 0 ||| PLANNING D:1-11
   237 | D:1      | Reached XP level 2. HP: 25/25 MP: 1/1
   284 | D:1      | Reached skill level 5 in Ranged Weapons
   521 | D:1      | Reached skill level 3 in Fighting
   716 | D:1      | 716 ||| UPGRADING to +0 ring mail.
   726 | D:1      | 726 ||| DROPPING +0 leather armour.
   727 | D:1      | 727 ||| READING scroll labelled ROMATEEPLE.
   728 | D:1      | 728 ||| READING scroll labelled RYKOICKOHUN.
   729 | D:1      | 729 ||| DRINKING 2 smoky inky potions.
   730 | D:1      | 730 ||| DRINKING 2 red potions.
   760 | D:1      | 760 ||| DRINKING 2 fuming cyan potions.
   761 | D:1      | 761 ||| DROPPING scroll of butterflies.
   762 | D:1      | 762 ||| DROPPING potion of degeneration.
   763 | D:1      | 763 ||| DROPPING potion of lignification.
   764 | D:1      | 764 ||| DROPPING potion of magic.
   930 | D:2      | Reached skill level 1 in Armour
  1004 | D:2      | Reached XP level 3. HP: 31/31 MP: 2/2
  1602 | D:2      | 1602 ||| FLEEEEING.
  1606 | D:2      | 1606 ||| FLEEEEING.
  1607 | D:2      | 1607 ||| FLEEEEING.
  1608 | D:2      | 1608 ||| FLEEEEING.
  1611 | D:2      | 1611 ||| FLEEEEING.
  1612 | D:2      | 1612 ||| FLEEEEING.
  1818 | D:2      | 1818 ||| DROPPING ring of magical power.
  1819 | D:2      | 1819 ||| READING scroll labelled BOTUBB MOYBBA.
  1820 | D:2      | 1820 ||| READING 3 scrolls labelled YVADUBR RIESHO.
  1821 | D:2      | 1821 ||| READING 2 scrolls of enchant weapon.
  1821 | D:2      | 1821 ||| ENCHANTING +1 shortbow.
  1822 | D:2      | 1822 ||| READING scroll of enchant weapon.
  1822 | D:2      | 1822 ||| ENCHANTING +2 shortbow.
  1823 | D:2      | 1823 ||| READING scroll labelled GYPAFR PUNTUUR.
  1874 | D:3      | Noticed a small abomination
  1883 | D:3      | Found a transporter.
  1973 | D:3      | Noticed a small abomination
  1974 | D:3      | Noticed qw's ghost (amateur GrFi)
  1984 | D:3      | Noticed a small abomination
  1988 | D:3      | Found a transporter.
  2042 | D:3      | Reached XP level 4. HP: 38/38 MP: 3/3
  2062 | D:3      | Reached skill level 6 in Ranged Weapons
  2431 | D:3      | Found a shimmering blue altar of Sif Muna.
  2507 | D:3      | 2507 ||| UPGRADING to +2 leather armour of fire resistance.
  2517 | D:3      | 2517 ||| DROPPING +0 ring mail.
  2518 | D:3      | 2518 ||| READING scroll labelled ZIQ PIFOUS.
  2519 | D:3      | 2519 ||| DRINKING 2 metallic coppery potions.
  2520 | D:3      | 2520 ||| DROPPING potion of brilliance.
  2590 | D:4      | 2590 ||| UPGRADING to +0 pair of gloves.
  2591 | D:4      | Noticed Ijyb
  2607 | D:4      | Killed Ijyb
  2608 | D:4      | Reached XP level 5. HP: 37/46 MP: 4/4
  2791 | D:4      | Reached skill level 7 in Ranged Weapons
  2799 | D:4      | 2799 ||| Stepping ~*~*~tactically~*~*~ (outnumbered).
  2802 | D:4      | Reached XP level 6. HP: 52/52 MP: 5/5
  2810 | D:4      | HP: 13/52 [gnoll/+0 hand axe[a gnoll bouda] (5)]
  2811 | D:4      | HP: 6/52 [gnoll/+0 hand axe[a gnoll bouda] (7)]
  2812 | D:4      | HP: 2/52 [gnoll/+2 vampiric whip[a gnoll bouda] (2)]
  2812 | D:4      | Slain by a gnoll

Levels and vault maps discovered:
D:1:      dpeg_arrival_signposts, layout_loops_ring
D:2:      layout_basic, hangedman_decor_peaks_small, corexii_leaking_fountain
D:3:      layout_loops_ring, old_standard_altar, gammafunk_ghost_abyssal_escape,
          minmay_misc_feat_roman
D:4:      layout_rooms, nicolae_gozag_seed_capital, serial_glass,
          glass_columns_b, glass_columns_a, due_unseen_surprise,
          nicolae_wooded_promenade, uniq_ijyb

Skill      XL: |  1  2  3  4  5 |
---------------+----------------+-----
Ranged Weapons | 5 6 7 |  7.5
Fighting       | 3 4 |  4.1
Armour         | 1 |  1.0
Dodging        | |  2.1
Stealth        | |  0.7

Action                     |  1- 3 |  4- 6 || total
---------------------------+-------+-------++-------
   Fire: Shortbow          |   129 |    84 ||   213
    Use: Potion            |     3 |     1 ||     4
         Scroll            |     7 |     1 ||     8
 Armour: Leather armour    |     6 |     4 ||    10
         Ring mail         |    19 |       ||    19
  Dodge: Dodged            |    43 |    25 ||    68

Table legend:
 A = Non-vault XP
 B = Vault XP
 C = Vault XP percentage of total XP
 D = Non-vault monster count
 E = Vault monster count
 F = Vault count percentage of total count
                 A         B        C        D         E       F
            +---------+---------+-------+---------+---------+-------
      Total |     407 |      36 |   8.1 |      73 |       1 |   1.4
            +---------+---------+-------+---------+---------+-------
        D:1 |      29 |       0 |   0.0 |      19 |       0 |   0.0
        D:2 |      63 |       0 |   0.0 |      23 |       0 |   0.0
        D:3 |      61 |       0 |   0.0 |      15 |       0 |   0.0
        D:4 |     254 |      36 |  12.4 |      16 |       1 |   5.9
            +---------+---------+-------+---------+---------+-------
